 Dungeon Crawl Stone Soup version 0.21-a0-518-g43a1781 (webtiles) character file.

29 4thArraOfDagon the Skirmisher (level 3, 0/33 HPs)
             Began as a Minotaur Abyssal Knight on Dec 4, 2017.
             Was a Follower of Lugonu.
             Succumbed to an adder's poison
             ... on level 2 of the Dungeon.
             The game lasted 00:00:46 (178 turns).

4thArraOfDagon the Skirmisher (MiAK)                 Turns: 178, Time: 00:00:47

Health: 0/33       AC:  3    Str: 16    XL:     3   Next: 1%
Magic:  12/12      EV: 11    Int: 10    God:    Lugonu [*.....]
Gold:   10         SH:  0    Dex:  9    Spells: 2/2 levels left

rFire    . . .     SeeInvis .   a - +1 hand axe
rCold    . . .     Gourm    .   (no shield)
rNeg     . . .     Faith    .   b - +0 leather armour
rPois    .         Spirit   .   (helmet restricted)
rElec    .         Reflect  .   (no cloak)
rCorr    .         Harm     .   (no gloves)
MR       .....                  (no boots)
Stlth    +.........             (no amulet)
HPRegen  0.11/turn              d - ring of magical power
MPRegen  0.13/turn              (no ring)

@: lethally poisoned (0 -> -4)
A: retaliatory headbutt, horns 2
a: Depart the Abyss, Renounce Religion


You were on level 2 of the Dungeon.
You worshipped Lugonu.
Lugonu was aware of your devotion.
You were not hungry.

You visited 1 branch of the dungeon, and saw 2 of its levels.
You visited the Abyss 1 time.

You collected 10 gold pieces.

Inventory:

Hand Weapons
 a - a +1 hand axe (weapon)
Armour
 b - a +0 leather armour (worn)
Jewellery
 d - a ring of magical power (left hand)
Scrolls
 e - a scroll of identify {unknown}
Comestibles
 c - a bread ration


   Skills:
 + Level 3.9 Fighting
 * Level 3.2 Axes
 + Level 2.8 Armour
 + Level 1.6 Dodging
 + Level 2.1 Invocations


You had 2 spell levels left.
You didn't know any spells.

Dungeon Overview and Level Annotations

Branches:
Dungeon (2/15)

Altars:


Innate Abilities, Weirdness & Mutations

You reflexively headbutt those who attack you in melee.
You have a pair of horns on your head.


Message History

Lugonu accepts your kill.
* * * LOW HITPOINT WARNING * * *
You feel sick.
You hit the hobgoblin.
The hobgoblin is moderately wounded.
* * * LOW HITPOINT WARNING * * *
You feel sick. The hobgoblin barely misses you.
You completely miss the hobgoblin. You headbutt the hobgoblin.
You kill the hobgoblin!
Lugonu accepts your kill.
You have reached level 3!
Your experience leads to an increase in your attributes!
Increase (S)trength, (I)ntelligence, or (D)exterity?
You feel clever.
* * * LOW HITPOINT WARNING * * *
You feel sick.
You see here a club.
* * * LOW HITPOINT WARNING * * *
You feel sick.
You die...

########## #........#
#........##
+.).......#
#.........#
###########..@......#
........).....$......
###########........#+
##..?.>....
#......... #.........
#......... #.........
#........


There were no monsters in sight!

Vanquished Creatures
  An adder (D:2)
  2 dart slugs (D:1)
  A leopard gecko (D:1)
  A giant cockroach (D:2)
  A goblin (D:1)
  A hobgoblin (D:2)
  4 jackals (D:1)
  2 bats (D:1)
  A frilled lizard (D:1)
  A rat (D:1)
15 creatures vanquished.

Notes
Turn   | Place    | Note
-------+----------+-------------------------------------------
     0 | Abyss:1  | 4thArraOfDagon the Minotaur Abyssal Knight began the quest for the Orb.
     0 | Abyss:1  | Reached XP level 1. HP: 19/19 MP: 1/1
     1 | Abyss:1  | Found a corrupted altar of Lugonu.
    60 | Abyss:1  | Noticed a tentacled starspawn
    66 | Abyss:1  | Noticed a raiju
    67 | Abyss:1  | Noticed a starcursed mass
    69 | D:1      | Escaped the Abyss
    99 | D:1      | Reached * piety under Lugonu
   120 | D:1      | Reached XP level 2. HP: 21/27 MP: 2/2
   172 | D:2      | Reached XP level 3. HP: 3/33 MP: 3/3
   175 | D:2      | HP: 1/33 [poisoned by an adder]
   178 | D:2      | Succumbed to an adder's poison

Vault maps used:
D:1:      evilmike_arrival_sounds_zot
D:2:      nicolae_overflow_crystal_walls, uniq_terence, uniq_crazy_yiuf_cottage,
          uniq_natasha

Skill      XL: |  1  2 |
---------------+-------+-----
Invocations    | 2 |  2.1
Axes           | 3 |  3.2
Fighting       | |  3.9
Armour         | |  2.8
Dodging        | |  1.6

Action                   || total
-------------------------++-------
Melee: Hand axe          ||    33
       Headbutt          ||     4
Invok: Depart the Abyss  ||     1
Armor: Leather armour    ||     6
Dodge: Dodged            ||    25

Table legend:
 A = Spawn XP
 B = Non-spawn XP
 C = Spawn XP percentage of total XP
 D = Spawn monster count
 E = Non-spawn monster count
 F = Spawn count percentage of total count
 G = Total turns spent on level
                    A         B        C        D         E        F      G
               +---------+---------+-------+---------+---------+-------+---------
         Total |       0 |      42 |   0.0 |       0 |      15 |   0.0 |   178
               +---------+---------+-------+---------+---------+-------+---------
           D:1 |       0 |      25 |   0.0 |       0 |      12 |   0.0 |    85
           D:2 |       0 |      17 |   0.0 |       0 |       3 |   0.0 |    24
               +---------+---------+-------+---------+---------+-------+---------
